 Dungeon Crawl Stone Soup version 0.16-b1 (webtiles) character file.

150052 abixa the Executioner (level 16, -20/149 HPs)
             Began as a Minotaur Berserker on Mar 11, 2015.
             Was the Champion of Trog.
             Killed from afar by a frost giant (28 damage)
             ... with a bolt of cold
             ... on level 15 of the Dungeon.
             The game lasted 03:17:02 (33552 turns).

abixa the Executioner (Minotaur Berserker)         Turns: 33552, Time: 03:17:02

Health: -20/149    AC: 21    Str: 23    XL:     16   Next: 97%
Magic:  2/2        EV: 16    Int:  9    God:    Trog [******]
Gold:   3171       SH:  0    Dex: 12    Spells: 0 memorised, 15 levels left

rFire  + . .     SeeInvis +     a - +6 executioner's axe (antimagic)
rCold  x . .     Clarity  .     u - +7 scale mail of Frouv {rElec}
rNeg   . . .     SustAb   +     (no shield)
rPois  .         Gourm    .     L - +1 hat {Int+3}
rElec  +         Spirit   .     I - +0 cloak {+Inv}
rCorr  .         Warding  .     (no gloves)
rMut   .         Stasis   .     w - +0 pair of boots
MR     +....                    J - amulet of regeneration
Stlth  +.........               i - ring of Dyphekun {rF+ Int+2 SInv}
                                F - ring of Piyto {SustAb rElec rC- Dex-4 Slay+5 Stlth+}

@: somewhat resistant to hostile enchantments, very unstealthy
A: retaliatory headbutt, horns 2
a: Burn Spellbooks, Berserk, Trog's Hand, Brothers in Arms, Renounce Religion,
Evoke Invisibility


You were on level 15 of the Dungeon.
You worshipped Trog.
Trog was exalted by your worship.
You were not hungry.

You visited 5 branches of the dungeon, and saw 32 of its levels.
You also visited: Labyrinth and Volcano.

You collected 4183 gold pieces.
You spent 1012 gold pieces at shops.

Inventory:

Hand weapons
 a - a +6 antimagic executioner's axe (weapon)
 b - a +2 arbalest of evasion
 x - a +3 vampiric battleaxe
Missiles
 e - 8 poisoned bolts
 H - 258 bolts
 R - 14 bolts of frost
 Y - 15 silver bolts
Armour
 u - the +7 scale mail of Frouv (worn) {rElec}
   (You found it in a labyrinth)

   It insulates you from electricity.
 w - a +0 pair of boots (worn)
 I - a +0 cloak of invisibility (worn)
 L - a +1 hat of intelligence (worn)
Rods
 d - a +4 rod of the swarm (14/14)
   (You found it in a labyrinth)
Jewellery
 i - the ring of Dyphekun (right hand) {rF+ Int+2 SInv}
   (You found it on level 15 of the Dungeon)

   [ring of see invisible]

   It affects your intelligence (+2).
   It protects you from fire.
   It enhances your eyesight.
 n - the ring "Cloruv" {rF- rC+ rN+ MP-9 Str+6 Stlth+}
   (You found it on level 15 of the Dungeon)

   [ring of protection from cold]

   It affects your strength (+6).
   It makes you vulnerable to fire.
   It protects you from cold.
   It protects you from negative energy.
   It affects your magic capacity (-9).
   It makes you more stealthy.
 o - the ring "Pypnuten" {rElec rN+ Dex+2}
   (You found it in a labyrinth)

   [ring of positive energy]

   It affects your dexterity (+2).
   It insulates you from electricity.
   It protects you from negative energy.
 s - an uncursed amulet of stasis
 t - an uncursed ring of flight
 y - an uncursed ring of protection from cold
 A - an uncursed amulet of resist corrosion
 E - an uncursed ring of poison resistance
 F - the ring of Piyto (left hand) {SustAb rElec rC- Dex-4 Slay+5 Stlth+}
   (You found it on level 7 of the Lair of Beasts)

   [ring of sustain abilities]

   It sustains your strength, intelligence and dexterity.
   It affects your dexterity (-4).
   It affects your accuracy and damage with ranged weapons and melee attacks
   (+5).
   It makes you vulnerable to cold.
   It insulates you from electricity.
   It makes you more stealthy.
 J - an amulet of regeneration (around neck)
 M - an uncursed ring of protection from fire
Magical devices
 g - a wand of digging (12)
 k - a wand of enslavement (10)
 l - a wand of draining (4)
 G - a wand of confusion (40)
 K - a wand of enslavement (11)
 W - a wand of polymorph (8)
 Z - a wand of polymorph (8)
Scrolls
 f - 6 scrolls of remove curse
 p - 6 scrolls of magic mapping
 q - a scroll of silence
 D - 9 scrolls of teleportation
 S - 4 scrolls of fog
 T - 4 scrolls of fear
Potions
 j - 9 potions of heal wounds
 m - 3 potions of restore abilities
 r - 7 potions of haste
 z - 5 potions of resistance
 B - a potion of flight
 N - 5 potions of agility
 O - 9 potions of curing
 P - a potion of brilliance
 Q - 4 potions of might
 U - 5 potions of cancellation
 V - a potion of invisibility
Comestibles
 c - 14 bread rations
 h - a meat ration
 v - 3 chunks of flesh
 C - 8 fruits
 X - 9 royal jellies


   Skills:
 - Level 15.4 Fighting
 + Level 21.3 Axes
 - Level 13.0 Crossbows
 - Level 14.7 Armour
 - Level 12.8 Dodging


You had 15 spell levels left.
You didn't know any spells.

Dungeon Overview and Level Annotations

Branches:
Dungeon (15/15)            Temple (1/1) D:4            Lair (8/8) D:11
  Swamp (0/5) Lair:5        Snake (4/5) Lair:5        Slime (0/6) Lair:7
    Orc (4/4) D:11            Elf (0/3) Orc:4        Vaults (0/5) D:14
 Depths: D:15

Altars:
Ashenzari
Cheibriados
Dithmenos
Elyvilon
Fedhas
Gozag
Kikubaaqudgha
Makhleb
Nemelex Xobeh
Okawaru
Qazlal
Ru
Sif Muna
Trog
Vehumet
Xom
Yredelemnul
Zin
The Shining One
Jiyva

Shops:
D:6 }%%}   D:9 (   D:11 %   D:12 (   D:15 [%   Orc:2 *   Orc:4 ([}(

Annotations:
D:10 dig


Innate Abilities, Weirdness & Mutations

You reflexively headbutt those who attack you in melee.
You have a pair of horns on your head.


Message History

Unknown command.
Press: ? - help, v - describe, . - travel
Here: a sphinx (moderately wounded)
The floor.
Unknown command.
Use which ability? (? or * to list)
Okay, then.
Read which item? (? for menu, Esc to quit)
As you read the scroll of fear, it crumbles to dust.
You assume a fearsome visage.
The sphinx resists with almost no effort.
The frost giant resists with almost no effort.
The sphinx completely misses you. You furiously retaliate!
You headbutt the sphinx, but do no damage.
The sphinx hits you.
* * * LOW HITPOINT WARNING * * *
The sphinx completely misses you.
The frost giant points at you and mumbles some strange words.
The bolt of cold hits you!
You feel a terrible chill!
You die...

#..............
###...............
##.....#........#
###....#.........
###............#.
##.'..............
##..#.............#
#...##'#............
#[.....##..@H.......
##∩...######C###+###
##).## ... ####
..... .$:[.# ######


You could see a frost giant and a sphinx.

Vanquished Creatures
  Norris (D:14)
  Rupert (D:14)
  2 greater nagas (Snake:3)
  Donald (D:14)
  Maud (Lair:5)
  Gastronok (D:9)
  2 fire dragons
  A minotaur (Lab)
  2 vault guards (D:15)
  7 hydras
  Fannar (Orc:2)
  Harold (Lair:7)
  A centaur warrior (D:13)
  8 naga warriors
  The ghost of McCoppin the Protected, a powerful HuAK of Lugonu (Lab)
  12 anacondas
  Erica (D:13)
  2 death yaks (Lair:2)
  An ogre mage (Orc:3)
  3 orc high priests (Orc:4)
  5 naga sharpshooters
  4 shock serpents
  A deep elf knight (Orc:4)
  A fire crab (shapeshifter) (D:14)
  A salamander mystic (Snake:4)
  4 unseen horrors
  A fire crab (Lair:7)
  3 naga ritualists
  Erolcha (Orc:3)
  5 orc sorcerers
  2 necromancers
  5 orc knights
  5 mana vipers
  3 lindwurms
  2 griffons
  2 manticores
  2 hill giants (D:13)
  12 salamanders
  3 ugly things
  5 cyclopes
  36 black mambas
  4 guardian serpents
  22 naga magi
  An orange demon (Orc:4)
  2 sixfirhies (Orc:4)
  2 centaur zombies
  7 torpor snails
  A gargoyle (D:13)
  10 spiny frogs
  Psyche (D:8)
  A yaktaur (shapeshifter) (D:13)
  3 kobold demonologists
  An efreet (D:14)
  5 trolls
  A spriggan druid (Lair:6)
  2 tengu conjurers (D:15)
  2 giant leeches (Lair:8)
  A wolf spider simulacrum (D:14)
  3 fire drakes
  A two-headed ogre (D:13)
  9 komodo dragons
  2 polar bears
  A queen bee (D:14)
  A boulder beetle (Lair:8)
  19 blink frogs
  5 slime creatures
  A trapdoor spider zombie (D:13)
  A trapdoor spider (D:13)
  3 basilisks
  43 yaks
  A deep elf mage (D:11)
  A wyvern (D:11)
  A shadow (D:9)
  4 deep elf fighters
  Eustachio (D:8)
  15 hippogriffs
  2 hogs (Volcano)
  Grum (Orc:1)
  2 vampire mosquitoes (D:12)
  A wraith (D:12)
  15 humans
  A mottled dragon (D:15)
  53 wolves
  A hungry ghost (D:14)
  A warg (Orc:1)
  37 nagas
  29 water moccasins
  27 orc warriors
  8 porcupines
  A black bear (Lair:4)
  A boggart (D:14)
  An eye of draining (D:8)
  5 ice beasts
  5 wasps
  2 sky beasts
  2 boring beetles
  20 ogres
  3 phantoms
  14 crocodiles
  6 centaurs
  Sigmund (D:2)
  3 big kobolds
  A gnoll sergeant (D:3)
  5 brain worms
  15 giant frogs
  2 wyvern skeletons
  6 scorpions
  4 wights
  32 killer bees
  An electric eel (D:10)
  3 crimson imps
  A goliath beetle (D:10)
  33 orc priests
  4 centaur skeletons
  8 hounds
  35 orc wizards
  3 giant frog skeletons
  A jelly (D:5)
  Natasha (thrice) (D:5)
  7 hell rats (Lair:5)
  9 worker ants
  9 sheep
  11 iguanas
  Ijyb (D:4)
  Jessica (D:2)
  A hound skeleton (D:4)
  A mummy (D:9)
  A worker ant zombie (D:9)
  41 adders
  19 river rats
  8 gnolls
  An orc skeleton (Orc:4)
  4 shadow imps
  A giant mite (D:7)
  23 worms
  An ufetubus (D:12)
  A giant eyeball (D:15)
  An adder skeleton (D:8)
  4 giant geckos
  An ooze (D:4)
  190 orcs
  3 ball pythons
  2 bat zombies
  4 giant cockroaches
  16 goblins
  22 hobgoblins
  16 jackals
  27 kobolds
  20 quokkas
  20 bats
  A giant gecko skeleton (D:5)
  10 giant newts
  2 giant spores
  26 rats
  3 ballistomycetes (D:12)
  9 fungi
  6 plants
1253 creatures vanquished.

Vanquished Creatures (collateral kills)
  A hydra (Lair:1)
  A spiny frog (Lair:1)
  A giant frog (Lair:1)
3 creatures vanquished.

Vanquished Creatures (others)
  An electric eel (Lair:1)
  A giant spore (D:11)
  A fungus (Lair:7)
3 creatures vanquished.

Grand Total: 1259 creatures vanquished

Notes
Turn   | Place    | Note
--------------------------------------------------------------
     0 | D:1      | abixa, the Minotaur Berserker, began the quest for the Orb.
     0 | D:1      | Reached XP level 1. HP: 19/19 MP: 1/1
    28 | D:1      | Reached skill level 4 in Axes
   200 | D:1      | Reached XP level 2. HP: 19/26 MP: 1/1
   261 | D:1      | Acquired Trog's second power
   509 | D:1      | Found a shimmering altar of Xom.
   685 | D:2      | Reached skill level 5 in Axes
   685 | D:2      | Reached XP level 3. HP: 31/31 MP: 2/2
  1125 | D:2      | Reached XP level 4. HP: 37/39 MP: 2/2
  1141 | D:2      | Reached skill level 6 in Axes
  1231 | D:2      | Noticed Sigmund
  1353 | D:2      | Killed Sigmund
  1353 | D:2      | Reached skill level 7 in Axes
  1353 | D:2      | Reached XP level 5. HP: 45/45 MP: 2/2
  1580 | D:2      | Noticed Jessica
  1591 | D:2      | Killed Jessica
  1979 | D:3      | Found a deep blue altar of Sif Muna.
  1989 | D:3      | Found a stormy altar of Qazlal.
  1992 | D:3      | Found an ancient bone altar of Kikubaaqudgha.
  2188 | D:3      | Reached XP level 6. HP: 51/53 MP: 3/3
  2339 | D:3      | Found a glowing golden altar of the Shining One.
  2674 | D:4      | Reached skill level 5 in Fighting
  2712 | D:4      | Acquired Trog's third power
  2737 | D:4      | Found a glowing silver altar of Zin.
  3087 | D:4      | Found a staircase to the Ecumenical Temple.
  3096 | Temple   | Entered the Ecumenical Temple
  3210 | D:5      | Entered Level 5 of the Dungeon
  3240 | D:5      | Noticed Ijyb
  3257 | D:4      | Killed Ijyb
  3268 | D:4      | Reached skill level 5 in Armour
  3268 | D:4      | Reached XP level 7. HP: 49/61 MP: 3/3
  4047 | D:5      | Noticed Natasha
  4051 | D:5      | Killed Natasha
  4123 | D:5      | Got a black opal-encrusted ring mail
  4125 | D:5      | Received a gift from Trog
  4267 | D:5      | Noticed Natasha
  4271 | D:5      | Killed Natasha
  4507 | D:6      | Found Ofra's Food Shop.
  4525 | D:6      | Reached skill level 8 in Armour
  4594 | D:5      | Noticed Natasha
  4598 | D:5      | Killed Natasha
  4817 | D:5      | Reached XP level 8. HP: 35/68 MP: 3/3
  5053 | D:6      | Found Strioviyc's Gadget Boutique.
  5056 | D:6      | Reached skill level 9 in Armour
  5058 | D:6      | Received a gift from Trog
  5204 | D:6      | Found Waufa's Gadget Boutique.
  5330 | D:6      | Found Smowa's Food Shop.
  5964 | D:7      | Reached skill level 10 in Armour
  6071 | D:7      | Reached XP level 9. HP: 62/78 MP: 4/4
  6203 | D:7      | Reached skill level 5 in Dodging
  6210 | D:7      | Received a gift from Trog
  6693 | D:7      | Identified the cursed -2 ring mail "Pninora" {rF- Str+5 Int-2 Dex+4 Stlth+} (You found it on level 5 of the Dungeon)
  6719 | D:8      | Noticed Eustachio
  6735 | D:8      | Killed Eustachio
  7113 | D:8      | Found an opulent altar of Gozag.
  7113 | D:8      | Found a sparkling altar of Nemelex Xobeh.
  7321 | D:8      | Noticed Psyche
  7328 | D:8      | Killed Psyche
  7356 | D:8      | Received a gift from Trog
  7356 | D:8      | Reached skill level 10 in Axes
  7356 | D:8      | Reached XP level 10. HP: 85/91 MP: 4/4
  7598 | D:9      | Reached skill level 10 in Fighting
  7639 | D:9      | Found Ehaump's Weapon Shoppe.
  7823 | D:9      | Reached skill level 11 in Axes
  8241 | D:9      | Noticed Gastronok
  8344 | D:9      | Killed Gastronok
  8344 | D:9      | Reached skill level 12 in Axes
  8423 | D:9      | Reached skill level 13 in Axes
  8748 | D:10     | Entered Level 10 of the Dungeon
  8915 | D:10     | Reached XP level 11. HP: 66/99 MP: 4/4
  9179 | D:10     | Reached skill level 14 in Axes
  9628 | D:11     | Found Qicvuf's Food Shop.
  9847 | D:11     | Found a staircase to the Orcish Mines.
  9959 | D:11     | Received a gift from Trog
 10056 | D:11     | Found a staircase to the Lair.
 10061 | D:11     | Reached skill level 15 in Axes
 10068 | Lair:1   | Entered Level 1 of the Lair of Beasts
 10068 | Lair:1   | Noticed a seven-headed hydra
 10081 | Lair:1   | Killed a seven-headed hydra
 10340 | Lair:1   | Reached skill level 16 in Axes
 11088 | Lair:1   | Received a gift from Trog
 11644 | D:11     | Found a blossoming altar of Fedhas.
 12055 | Orc:1    | Entered Level 1 of the Orcish Mines
 12102 | D:11     | Reached skill level 17 in Axes
 12165 | Orc:1    | Received a gift from Trog
 12335 | Orc:1    | Reached XP level 12. HP: 106/106 MP: 5/5
 12749 | Orc:2    | Noticed Fannar
 12750 | Orc:2    | Noticed Grum
 12800 | Orc:1    | Killed Grum
 12828 | Orc:2    | Killed Fannar
 12913 | Orc:2    | Received a gift from Trog
 13103 | Orc:2    | Found Toagadwe's Assorted Antiques.
 13113 | Orc:2    | Bought a scroll of identify for 76 gold pieces
 13113 | Orc:2    | Bought a scroll of identify for 76 gold pieces
 13113 | Orc:2    | Bought a scroll of identify for 76 gold pieces
 13429 | Orc:3    | Received a gift from Trog
 13503 | Orc:3    | Found a dark tunnel.
 13542 | Volcano  | Entered a volcano
 13932 | Orc:3    | Noticed Erolcha
 14230 | Lair:2   | Noticed an eight-headed hydra
 14709 | Orc:3    | Killed Erolcha
 14887 | Orc:4    | Entered Level 4 of the Orcish Mines
 14981 | Orc:4    | Received a gift from Trog
 15344 | Orc:4    | Found a staircase to the Elven Halls.
 16544 | Orc:4    | Reached XP level 13. HP: 108/117 MP: 5/5
 16556 | Orc:4    | Found Schurhion's Antique Armour Emporium.
 16571 | Orc:4    | Found Skeischup's Weapon Boutique.
 16572 | Orc:4    | Found Saafaqe's Weapon Emporium.
 16572 | Orc:4    | Found Gaiqirr's Gadget Boutique.
 16588 | Orc:4    | Bought a heavily runed plate armour for 784 gold pieces
 16598 | Orc:4    | Identified the +9 plate armour "Faronoll" {rElec rPois Slay-5 Stlth+} (You bought it in a shop on level 4 of the Orcish Mines)
 16893 | Lair:2   | Received a gift from Trog
 17043 | Lair:2   | Killed a 12-headed hydra
 17098 | Lair:2   | Found an iron altar of Okawaru.
 17127 | Lair:2   | Noticed a death yak
 17149 | Lair:2   | Noticed a death yak
 17154 | Lair:2   | Killed a death yak
 17163 | Lair:2   | Killed a death yak
 17163 | Lair:2   | Reached skill level 18 in Axes
 17778 | Lair:3   | Received a gift from Trog
 19052 | Lair:4   | Found a labyrinth entrance.
 19107 | Lab      | Entered a labyrinth
 19493 | Lab      | Noticed McCoppin's ghost (powerful HuAK)
 19505 | Lab      | Killed McCoppin's ghost
 19944 | Lab      | Got a fine platinum ring
 19945 | Lab      | Got a slimy whip
 19945 | Lab      | Got a twisted scale mail
 19955 | Lab      | Got a scorched dagger {holy}
 20114 | Lair:4   | Identified the ring "Pypnuten" {rElec rN+ Dex+2} (You found it in a labyrinth)
 20347 | Lair:2   | Identified the +7 scale mail of Frouv {rElec} (You found it in a labyrinth)
 20590 | Lair:4   | Received a gift from Trog
 21247 | Lair:5   | Found a staircase to the Snake Pit.
 21432 | Lair:5   | Noticed Maud
 21447 | Lair:5   | Killed Maud
 21522 | Lair:5   | Reached skill level 10 in Dodging
 21671 | Lair:5   | Found a staircase to the Swamp.
 21922 | Lair:5   | Got a brightly glowing plate armour
 21937 | Lair:5   | Identified the +2 plate armour of the Present {+Blink Str+2} (You found it on level 5 of the Lair of Beasts)
 22245 | Lair:6   | Reached XP level 14. HP: 129/129 MP: 5/5
 22567 | Lair:6   | Received a gift from Trog
 22935 | Lair:7   | Got a faintly glowing marble ring
 22936 | Lair:7   | Identified the ring of Piyto {SustAb rElec rC- Dex-4 Slay+5 Stlth+} (You found it on level 7 of the Lair of Beasts)
 23330 | Lair:7   | Found a staircase to the Slime Pits.
 23331 | Lair:7   | Found a viscous altar of Jiyva.
 23632 | Lair:7   | Noticed Harold
 23654 | Lair:7   | Killed Harold
 23688 | Lair:7   | Reached skill level 19 in Axes
 24069 | Lair:8   | Entered Level 8 of the Lair of Beasts
 24164 | Lair:8   | Received a gift from Trog
 24556 | Lair:8   | Received a gift from Trog
 24653 | Lair:8   | Found a runed door.
 25529 | D:12     | Found a bloodstained altar of Trog.
 25939 | D:12     | Found Yggeka's Antique Weapon Shoppe.
 26432 | D:13     | Noticed Erica
 26438 | D:13     | Killed Erica
 26502 | D:13     | Reached XP level 15. HP: 124/139 MP: 6/6
 26545 | D:13     | Received a gift from Trog
 27472 | D:14     | Found an opulent altar of Gozag.
 27638 | D:14     | Noticed Norris
 28001 | Lair:5   | Received a gift from Trog
 28008 | Lair:5   | Reached skill level 20 in Axes
 28047 | Snake:1  | Entered Level 1 of the Snake Pit
 28213 | Snake:1  | Reached skill level 15 in Fighting
 28297 | Snake:1  | Found a shattered altar of Ashenzari.
 28915 | Snake:2  | Received a gift from Trog
 29002 | Snake:2  | Reached skill level 1 in Crossbows
 29742 | Snake:3  | Reached skill level 5 in Crossbows
 30462 | Snake:4  | Received a gift from Trog
 30477 | Snake:4  | Reached XP level 16. HP: 149/149 MP: 6/6
 30623 | Snake:4  | Reached skill level 10 in Crossbows
 31102 | Snake:4  | Received a gift from Trog
 31587 | Snake:4  | Found a blossoming altar of Fedhas.
 32209 | Lair:2   | Identified a +4 rod of the swarm (14/14) (You found it in a labyrinth)
 32461 | D:14     | Received a gift from Trog
 32506 | D:14     | Noticed Donald
 32530 | D:14     | Killed Donald
 32644 | D:14     | Killed Norris
 32864 | D:14     | Found a gate to the Vaults.
 32926 | D:14     | Noticed Rupert
 32937 | D:14     | Killed Rupert
 32993 | D:14     | Received a gift from Trog
 33006 | D:14     | Received a gift from Trog
 33090 | D:15     | Entered Level 15 of the Dungeon
 33131 | D:15     | Got a fine ivory ring
 33132 | D:15     | Identified the ring of Dyphekun {rF+ Int+2 SInv} (You found it on level 15 of the Dungeon)
 33228 | D:15     | Found Lagea's Food Emporium.
 33233 | D:15     | Reached skill level 21 in Axes
 33432 | D:15     | Received a gift from Trog
 33458 | D:15     | Got a heavily runed iron ring
 33459 | D:15     | Identified the ring "Cloruv" {rF- rC+ rN+ MP-9 Str+6 Stlth+} (You found it on level 15 of the Dungeon)
 33486 | D:15     | Found Klarar's Armour Emporium.
 33545 | D:15     | Paralysed by a sphinx for 7 turns
 33552 | D:15     | Killed from afar by a frost giant

Action                   |  1- 3 |  4- 6 |  7- 9 | 10-12 | 13-15 | 16-18 || total
-------------------------+-------+-------+-------+-------+-------+-------++-------
Melee: Hand axe          |    68 |    81 |       |       |       |       ||   149
       Scythe            |       |    83 |   265 |   160 |       |       ||   508
       Battleaxe         |       |       |       |   682 |  1257 |   257 ||  2196
       Executioner's axe |       |       |       |       |       |   175 ||   175
Throw: Stone             |     4 |     7 |     1 |       |       |       ||    12
       Tomahawk          |       |       |     4 |    32 |    23 |       ||    59
       Javelin           |       |       |       |     3 |       |       ||     3
Invok: Berserk           |       |     1 |     1 |     1 |    11 |     2 ||    16
       Trog's Hand       |       |     1 |       |     1 |       |     1 ||     3
       Brothers in Arms  |       |       |       |     1 |       |       ||     1
Evoke: Wand              |       |       |       |     2 |     1 |       ||     3
  Use: Scroll            |       |       |     8 |     7 |    14 |    18 ||    47
 Stab: Distracted        |       |       |     1 |       |       |       ||     1
  Eat: Chunk             |       |     8 |    14 |    32 |    54 |    17 ||   125
       Fruit             |       |     1 |       |     5 |     5 |       ||    11
